 Dungeon Crawl Stone Soup version bcrawl-1.39.1 (webtiles) character file.

Game seed: 8348512731141974582

381568 AndrolTheGreedy the Carver (level 12, -4/77 HPs)
             Began as a Skeleton Fighter on Aug 27, 2023.
             Was a Priest of Yredelemnul.
             Splashed by Kirke's acid (9 damage)
             ... on level 12 of the Dungeon.
             The game lasted 00:31:16 (12767 turns).

AndrolTheGreedy the Carver (Skeleton Fighter)      Turns: 12767, Time: 00:31:17

Health: -4/77      AC: 16    Str: 22 (23) XL:     12   Next: 16%
Magic:  0/28       EV:  7    Int:  9 (10) God:    Yredelemnul [***...]
Gold:   113        SH: 13    Dex:  6 (10) Spells: 21/21 levels left

rFire    . . .     GDR:     28% a - +0 long sword
rCold    + + +     SeeInvis .   c - +0 medium shield
rNeg     + + +     Gourm    .   p - +5 chain mail of the Modern Seas {rC+ MP+9}
rPois    ∞         Faith    .   (no helmet)
rElec    .         Spirit   +   (no cloak)
rCorr    .         Reflect  .   j - +2 pair of gloves
MR       +....                  (no boots)
Stlth    ..........             (no amulet)
HPRegen  0.22/turn              m - ring of protection from cold
MPRegen  0.21/turn              (no ring)

@: corroded
A: no food or potions, cold resistance 1, deterioration 1, negative energy
resistance 3, powered by death 1, torment resistance, unbreathing, magic shield,
sturdy frame 2, spell healing
a: Recall Undead Slaves, Injury Mirror, Animate Dead, Renounce Religion


You were on level 12 of the Dungeon.
You worshipped Yredelemnul.
Yredelemnul was most pleased with you.
You were not hungry.

You visited 2 branches of the dungeon, and saw 13 of its levels.
You also visited: Ossuary.

You collected 876 gold pieces.
You spent 763 gold pieces at shops.

Inventory:

Hand Weapons
 a - a +0 long sword (weapon)
 D - the +7 morningstar "Zuh Iryi" {protect, +Fly Str+7 Int-2 Stlth-}
   (You found it on level 11 of the Dungeon)

   It grants its wielder temporary protection when it strikes (+7 to AC).
   It affects your strength (+7).
   It affects your intelligence (-2).
   It lets you fly.
   It makes you less stealthy.
Armour
 b - a +0 scale mail
 c - a +0 medium shield (worn)
 j - a +2 pair of gloves (worn)
 p - the +5 chain mail of the Modern Seas (worn) {rC+ MP+9}
   (You found it on level 6 of the Dungeon)

   It protects you from cold.
   It affects your magic capacity (+9).
 t - a +0 pair of boots
 u - a +0 buckler of protection
 G - the cursed -4 hat of Laturaq {rC+}
   (You found it on level 11 of the Dungeon)

   It protects you from cold.
   It has a curse placed upon it.
Jewellery
 e - a cursed -3 ring of intelligence
 g - an uncursed amulet of rage
 h - an uncursed amulet of inaccuracy
 k - a -3 ring of protection
 m - a ring of protection from cold (left hand)
 w - an uncursed ring of positive energy
 x - a -2 ring of dexterity
Wands
 d - a wand of digging (7)
 n - a wand of flame (11)
 o - a wand of paralysis (6)
 q - a wand of random effects (16)
 B - a wand of polymorph (6)
 H - a wand of charming (10)
Scrolls
 f - 6 scrolls of enchant weapon
 i - 3 scrolls of identify
 r - 5 scrolls of immolation
 s - 4 scrolls of noise
 v - 2 scrolls of revelation
 y - 3 scrolls of enchant armour
 z - 2 scrolls of remove curse
 A - a scroll of amnesia
 C - a scroll of teleportation
 F - a scroll of silence
Miscellaneous
 E - a box of beasts


   Skills:
 - Level 10.0 Fighting
 + Level 12.3 Long Blades
 - Level 10.0 Armour
 - Level 10.0 Shields
 - Level 5.0 Spellcasting
 - Level 5.0 Invocations
 - Level 5.0 Evocations


You had 21 spell levels left.
You didn't know any spells.
Your spell library contained the following spells:

 Spells                   Type           Power        Failure   Level  Hunger
 Throw Frost              Conj/Ice       #.....       89%         2    N/A
 Freeze                   Ice            #.....       98%         1    N/A
 Magic Dart               Conj           #...         98%         1    N/A
 Slow                     Hex            #.......     98%         1    N/A
 Blink                    Tloc           N/A          99%         2    N/A
 Call Imp                 Summ           #.....       99%         2    N/A
 Ensorcelled Hibernation  Hex/Ice        #.....       99%         2    N/A
 Confuse                  Hex            #.......     100%        3    N/A
 Conjure Flame            Conj/Fire      #.......     100%        3    N/A
 Dazzling Orbs            Conj/Hex       #......      100%        3    N/A
 Mephitic Cloud           Conj/Pois/Air  #.......     100%        3    N/A
 Ozocubu's Armour         Chrm/Ice       #.......     100%        3    N/A
 Tukima's Dance           Hex            #.......     100%        3    N/A
 Cause Fear               Hex            #.........   100%        4    N/A
 Summon Ice Beast         Ice/Summ       #.......     100%        4    N/A
 Throw Icicle             Conj/Ice       #.......     100%        4    N/A
 Spider Form              Tmut/Pois      Unusable     N/A         3    N/A
 Ice Form                 Ice/Tmut       Unusable     N/A         4    N/A

Dungeon Overview and Level Annotations

Branches:
Dungeon (12/12)            Temple (1/1) D:7            Lair (0/6) D:9
    Orc (0/1) D:11
 Vaults: D:11-12     Depths: D:12

Altars:
Ashenzari
Cheibriados
Dithmenos
Gozag
Hepliaklqana
Kikubaaqudgha
Lugonu
Makhleb
Nemelex Xobeh
Okawaru
Qazlal
Ru
Sif Muna
Trog
Uskayaw
Vehumet
Wu Jian
Xom
Yredelemnul

Shops:
D:5 =   D:6 !   D:8 [   D:11 }}?[

Annotations:
D:3 1 runed door
D:10 2 runed translucent doors, Galewind's ghost, journeyman AvFE
D:12 Kirke


Innate Abilities, Weirdness & Mutations

You do not eat or drink.
You are immune to poison.
Your flesh is cold resistant. (rC+)
Your body sometimes deteriorates upon taking damage.
You are immune to negative energy. (rN+++)
You regenerate a little health from kills.
You are immune to unholy pain and torment.
You can survive without breathing.
When hurt, damage is shared between your health and your magic reserves.
Your movements are less encumbered by armour. (ER -4)
Casting spells heals you.


Message History

You slash Kirke!
Kirke is severely wounded.
Kirke zaps a wand.
The bolt of acid hits you but does no damage.
The acid corrodes you!
You are splashed with acid!
* * * LOW HITPOINT WARNING * * *
Your body deteriorates!
You feel clumsy.
Urug hits the hog.
As you read the scroll of fear, it crumbles to dust.
You assume a fearsome visage.
Urug is unaffected.
Kirke resists with almost no effort.
The hog looks frightened! x2
Kirke hits you!
* * * LOW HITPOINT WARNING * * *
The hog bites Urug.
Urug hits the hog.
Kirke zaps a wand.
The bolt of acid hits you!
* * * LOW HITPOINT WARNING * * *
You are splashed with acid!
You die...
Yredelemnul claims you as an undead slave.

#.#.....# #.#.. #
#.#.##..# #.#. .#
##.#.##..# #.#.#.#
†........# #.. ..#
##.#..##.# #.....#
#.#..##.# #.#..##h#
#.#..##.# #...@hh.#
##.#..##.# #h#######.##
.........#.#hh@.@.....#
##.#..####.#Z##########
......# #........Z...#
......# ###.#######.##
......# #.# #.# ##.#..#
#.# #.# ##.#..######.#
#.# ...#.......#.# #.#
##.##.####.#.# #.#


You could see Kirke, 3 hogs and the friendly Urug the orc zombie.

Vanquished Creatures
  Urug (D:12)
  A hydra (D:10)
  An ogre mage (D:12)
  2 centaur warriors
  An ugly thing (D:9)
  2 kobold demonologists
  A harpy skeleton (D:12)
  2 hornets
  2 hippogriffs
  A meliai zombie (D:11)
  2 slime creatures (D:10)
  Sigmund (D:4)
  4 yaks
  A warg (D:9)
  Edmund (D:6)
  2 ice beasts (D:9)
  A necrophage (D:8)
  4 sky beasts
  A black bear (D:7)
  5 orc warriors
  6 ogres
  A phantom (D:9)
  2 bullfrogs
  14 kobold brigands
  3 gnoll sergeants
  2 centaurs
  A scorpion (D:9)
  A water moccasin skeleton (D:5)
  5 orc priests
  3 howler monkeys
  4 crimson imps
  5 hounds
  A quasit (D:9)
  A bullfrog zombie (D:7)
  2 bullfrog skeletons (D:4)
  Natasha (thrice) (D:3)
  4 worker ants
  4 orc wizards
  A hound zombie (D:9)
  A hound skeleton (D:4)
  3 mummies (Ossuary)
  3 worker ant zombies
  6 adders
  A centaur zombie (Ossuary)
  2 gnolls
  A shadow imp (D:6)
  An ooze (D:5)
  An adder zombie (D:9)
  2 adder skeletons
  2 worms
  4 dart slugs
  4 leopard geckos
  27 orcs
  2 ball pythons
  4 giant cockroaches
  A gnoll zombie (Ossuary)
  9 goblins
  10 hobgoblins
  12 jackals
  4 quokkas
  2 bats (D:3)
  2 frilled lizards
  2 hobgoblin zombies (Ossuary)
  18 kobolds
  2 kobold zombies (Ossuary)
  2 orc zombies (Ossuary)
  6 rats
233 creatures vanquished.

Vanquished Creatures (collateral kills)
  3 two-headed ogres
  A tengu warrior (D:11)
  An ugly thing (D:10)
  2 trolls
  2 hippogriffs (D:10)
  2 slime creatures (D:10)
  A wyvern (D:11)
  2 yaks (D:10)
  A hungry ghost (D:10)
  A warg (D:9)
  2 orc warriors
  3 ice beasts
  A sky beast (D:11)
  2 ogres (D:11)
  A bullfrog (D:11)
  2 kobold brigands
  3 gnoll sergeants (D:11)
  A centaur (D:12)
  3 howler monkeys (D:10)
  A bullfrog skeleton (D:11)
  2 orc wizards (D:9)
  4 gnolls
  2 orcs (D:11)
  4 kobolds (D:9)
  2 plants
49 creatures vanquished.

Vanquished Creatures (others)
  3 vampires
  2 vampire mosquitoes
  A centaur zombie (D:11)
  A two-headed ogre zombie (D:10)
  2 yak zombies (D:10)
  2 ogre zombies
  A hound zombie (D:12)
  A worker ant zombie (D:11)
  2 orc zombies (D:11)
  2 howler monkey skeletons (D:10)
  A gnoll zombie (D:11)
  2 kobold zombies
20 creatures vanquished.

Grand Total: 302 creatures vanquished

Notes
Turn   | Place    | Note
-------+----------+-------------------------------------------
     0 | D:1      | AndrolTheGreedy the Skeleton Fighter began the quest for
                  | the Orb.
     0 | D:1      | Reached XP level 1. HP: 14/14 MP: 1/1
   182 | D:1      | Reached skill level 3 in Long Blades
   206 | D:1      | Reached XP level 2. HP: 17/19 MP: 2/2
   404 | D:1      | Reached skill level 4 in Long Blades
   725 | D:2      | Reached XP level 3. HP: 23/23 MP: 3/3
  1043 | D:2      | Found a glowing silver altar of Zin.
  1046 | D:2      | Found a stormy altar of Qazlal.
  1337 | D:2      | Found a shattered altar of Ashenzari.
  1498 | D:3      | Found an opulent altar of Gozag.
  1591 | D:3      | Reached skill level 5 in Long Blades
  1638 | D:3      | Noticed Natasha
  1659 | D:3      | Killed Natasha
  1660 | D:3      | Reached XP level 4. HP: 22/28 MP: 2/4
  1774 | D:3      | Noticed Natasha
  1790 | D:3      | HP: 1/28 [Natasha (2)]
  1791 | D:3      | Killed Natasha
  1792 | D:3      | Reached skill level 6 in Long Blades
  1815 | D:3      | Noticed Natasha
  2022 | D:3      | Found a runed door.
  2186 | D:3      | Killed Natasha
  2187 | D:3      | Reached XP level 5. HP: 23/32 MP: 3/5
  2494 | D:4      | Reached skill level 5 in Fighting
  2494 | D:4      | Gained mutation: You regenerate a little health from kills.
                  | [Skeleton growth]
  2494 | D:4      | Reached XP level 6. HP: 38/40 MP: 4/6
  2746 | D:4      | Noticed Sigmund
  3037 | D:5      | Entered Level 5 of the Dungeon
  3266 | D:5      | Found an ornate altar of the Wu Jian Council.
  3300 | D:5      | Found Doash's Jewellery Boutique.
  3300 | D:5      | Noticed a sky beast
  3317 | D:5      | Killed a sky beast
  3318 | D:5      | Reached XP level 7. HP: 33/47 MP: 4/7
  3903 | D:4      | Killed Sigmund
  4263 | D:6      | Found Zuhoadiy's Distillery.
  4274 | D:6      | Got a twisted chain mail
  4285 | D:6      | Identified the +5 chain mail of the Modern Seas {rC+ MP+9}
                  | (You found it on level 6 of the Dungeon)
  4608 | D:6      | Reached XP level 8. HP: 26/56 MP: 8/8
  4704 | D:6      | Noticed Edmund
  4718 | D:6      | Killed Edmund
  5421 | D:7      | Noticed a hippogriff
  5542 | D:7      | Found a staircase to the Ecumenical Temple.
  5580 | D:7      | Reached skill level 10 in Fighting
  5591 | D:7      | Reached skill level 5 in Shields
  5634 | Temple   | Entered the Ecumenical Temple
  5930 | Temple   | Became a worshipper of Yredelemnul the Dark
  6096 | D:7      | Killed a hippogriff
  6417 | D:7      | Reached XP level 9. HP: 53/62 MP: 9/9
  6750 | D:8      | Found a sand-covered staircase.
  6755 | Ossuary  | Entered an ossuary
  7148 | D:8      | Found Afiu's Antique Armour Shop.
  7179 | D:8      | Bought a shiny buckler for 210 gold pieces
  7303 | D:8      | Found a burning altar of Makhleb.
  7634 | D:8      | Noticed a kobold demonologist
  7648 | D:8      | Killed a kobold demonologist
  7649 | D:8      | Reached skill level 10 in Shields
  7650 | D:8      | Reached * piety under Yredelemnul
  7699 | D:8      | Reached skill level 7 in Long Blades
  7723 | D:8      | Reached skill level 8 in Long Blades
  7773 | D:8      | Reached skill level 9 in Long Blades
  8140 | D:9      | Gained mutation: Your movements are less encumbered by
                  | armour. (ER -4) [Skeleton growth]
  8140 | D:9      | Reached XP level 10. HP: 68/68 MP: 10/10
  8177 | D:9      | Reached skill level 10 in Long Blades
  8177 | D:9      | Reached skill level 1 in Spellcasting
  8292 | D:9      | Reached ** piety under Yredelemnul
  8413 | D:9      | Noticed a centaur warrior
  8431 | D:9      | Killed a centaur warrior
  8432 | D:9      | Reached skill level 5 in Spellcasting
  8540 | D:9      | Found a staircase to the Lair.
  8982 | D:9      | Reached skill level 5 in Invocations
  9334 | D:10     | Entered Level 10 of the Dungeon
  9437 | D:10     | Noticed a purple ugly thing
  9438 | D:10     | Noticed a two-headed ogre
  9490 | D:9      | Killed a purple ugly thing
  9581 | D:9      | Reached XP level 11. HP: 70/72 MP: 18/18
  9607 | D:10     | Reached skill level 5 in Evocations
  9694 | D:10     | Noticed a four-headed hydra
  9699 | D:10     | Killed a two-headed ogre
  9700 | D:10     | Reached skill level 5 in Armour
  9759 | D:10     | Noticed a skeletal warrior
  9760 | D:10     | Noticed a necromancer
  9760 | D:10     | Noticed a skeletal warrior
  9764 | D:10     | Noticed a frost giant
  9788 | D:10     | Noticed a skeletal warrior
  9837 | D:10     | Found a runed translucent door.
  9938 | D:10     | Noticed Galewind's ghost (journeyman AvFE)
  9942 | D:10     | Found a runed translucent door.
 10107 | D:10     | Noticed a two-headed ogre
 10128 | D:10     | Killed a two-headed ogre
 10139 | D:10     | Noticed a soul eater
 10346 | D:10     | Killed a four-headed hydra
 10530 | D:10     | Noticed a brown ugly thing
 10541 | D:10     | Killed a brown ugly thing
 10588 | D:10     | Noticed a lich
 10589 | D:10     | Noticed a frost giant
 10630 | D:11     | Reached *** piety under Yredelemnul
 10694 | D:11     | Noticed a tengu warrior
 10708 | D:11     | Killed a tengu warrior
 10858 | D:11     | Noticed a centaur warrior
 10872 | D:11     | Killed a centaur warrior
 10884 | D:11     | Found a glowing golden altar of the Shining One.
 10889 | D:11     | Found Gukoesem's Magic Scroll Shop.
 10921 | D:11     | Reached skill level 10 in Armour
 10926 | D:11     | Bought a scroll of fear for 65 gold pieces
 10926 | D:11     | Bought a scroll of revelation for 52 gold pieces
 10926 | D:11     | Bought 3 scrolls of identify for 78 gold pieces
 10926 | D:11     | Bought a scroll of teleportation for 39 gold pieces
 10926 | D:11     | Bought a scroll of remove curse for 39 gold pieces
 11013 | D:11     | Found a staircase to the Orcish Mines.
 11114 | D:11     | Got a fading morningstar
 11460 | D:11     | Found Azeqikky's Gadget Boutique.
 11469 | D:11     | Bought a box of beasts for 280 gold pieces
 11517 | D:11     | Reached skill level 11 in Long Blades
 11573 | D:11     | Got a scorched hat
 11588 | D:11     | Found Plog's Antique Armour Shop.
 11660 | D:11     | Found Pudoh's Gadget Boutique.
 11861 | D:12     | Entered Level 12 of the Dungeon
 11949 | D:12     | Noticed a two-headed ogre
 11950 | D:12     | Noticed an ogre mage
 11950 | D:12     | Noticed Urug
 11951 | D:12     | Noticed a two-headed ogre
 11989 | D:12     | Killed an ogre mage
 11990 | D:12     | Reached XP level 12. HP: 36/77 MP: 8/19
 12280 | D:12     | Identified the +7 morningstar "Zuh Iryi" {protect, +Fly
                  | Str+7 Int-2 Stlth-} (You found it on level 11 of the
                  | Dungeon)
 12281 | D:12     | Identified the cursed -4 hat of Laturaq {rC+} (You found it
                  | on level 11 of the Dungeon)
 12540 | D:11     | Killed a two-headed ogre
 12661 | D:12     | Killed Urug
 12662 | D:12     | Reached skill level 12 in Long Blades
 12738 | D:12     | Noticed Kirke
 12767 | D:12     | Splashed by Kirke's acid

Skill      XL: |  1  2  3  4  5  6  7  8  9 10 11 12 |
---------------+-------------------------------------+-----
Long Blades    | 3 4 5 6 9 10 11 12 | 12.3
Fighting       | 5 6 8 10 | 10.0
Shields        | 7 10 | 10.0
Spellcasting   | 5 |  5.0
Invocations    | 5 |  5.0
Evocations     | 4 5 |  5.0
Armour         | 10 | 10.0

Action                   |  1- 3 |  4- 6 |  7- 9 | 10-12 || total
-------------------------+-------+-------+-------+-------++-------
Melee: Long sword        |   175 |   182 |   550 |   487 ||  1394
Invok: Injury Mirror     |       |       |       |     6 ||     6
       Animate Dead      |       |       |       |     2 ||     2
Evoke: Wand              |       |       |       |     4 ||     4
  Use: Scroll            |       |     9 |     7 |     9 ||    25
 Stab: Distracted        |       |     1 |     1 |     3 ||     5
       Paralysed         |       |       |       |     4 ||     4
Armor: Scale mail        |    58 |    60 |    11 |       ||   129
       Chain mail        |       |       |   349 |   268 ||   617
Dodge: Dodged            |    74 |    88 |   209 |   104 ||   475
Block: Other             |       |     1 |     5 |       ||     6
       Buckler           |       |       |    57 |    42 ||    99
       Medium shield     |       |       |       |   300 ||   300
